 Dungeon Crawl Stone Soup version 0.28.0-45-g0d030f2227 (webtiles) character file.

Game seed: 18209971921040028715

3179 Faeu the Covered (level 9, -5/80 HPs)
             Began as a Minotaur Fighter on Apr 3, 2022.
             Was a Believer of Trog.
             Slain by a skeletal warrior
             ... wielding a +0 flail
             ... led by a skeletal warrior
              (19 damage)
             ... on level 8 of the Dungeon.
             The game lasted 00:26:25 (6415 turns).

Faeu the Covered (Minotaur Fighter)                 Turns: 6415, Time: 00:26:26

Health: -5/80      AC: 14    Str: 25    XL:     9   Next: 63%
Magic:  8/8        EV: 23    Int:  5    God:    Trog [**....]
Gold:   375        SH:  5    Dex: 10    Spells: 8/8 levels left

rFire   + . .      SeeInvis +   s - +10 mace of Voekhierepp {chaos, rElec rF+, mace}
rCold   . . .      Faith    .   c - +0 buckler
rNeg    . . .      Spirit   .   w - +0 plate armour
rPois   .          Reflect  .   (helmet restricted)
rElec   +          Harm     .   (no cloak)
rCorr   .          Rampage  .   i - +0 pair of gloves
Will    .....                   (no boots)
Stlth   ..........              p - amulet of the acrobat
HPRegen 0.23/turn               h - ring of see invisible
MPRegen 0.11/turn               (no ring)

@: acrobatic, studying Air Magic
A: horns 2, retaliatory headbutt
a: Renounce Religion, Berserk, Trog's Hand


You were on level 8 of the Dungeon.
You worshipped Trog.
Trog was pleased with you.
You visited 2 branches of the dungeon, and saw 9 of its levels.

You collected 375 gold pieces.


Innate Abilities, Weirdness & Mutations

You have a pair of horns on your head.
You reflexively headbutt those who attack you in melee.


   Skills:
 + Level 7.6 Fighting
 + Level 7.0 Axes
 + Level 5.2 Throwing
 + Level 7.7 Armour
 + Level 5.8 Dodging
 + Level 7.6 Shields


You had 8 spell levels left.
You didn't know any spells.
Your spell library contained the following spells:

 Spells                   Type           Power      Damage    Failure   Level
 Ignite Poison            Fire/Tmut/Pois 0%         N/A       100%        3
 Mephitic Cloud           Conj/Pois/Air  0%         N/A       100%        3
 Ozocubu's Armour         Ice            0%         N/A       100%        3
 Freezing Cloud           Conj/Ice/Air   0%         6-21      100%        5
 Ozocubu's Refrigeration  Ice            0%         4d5       100%        7

Inventory:

Hand Weapons
 a - a +1 war axe {axe}
 f - a +1 dagger of pain {short}
   (You took it off a kobold on level 1 of the Dungeon)
 n - the +4 dagger of a Billion Seers {venom, SInv, short}
   (You found it on level 3 of the Dungeon)

   It poisons the flesh of those it strikes.
   SInv:      It lets you see invisible.
 s - the +10 mace of Voekhierepp (weapon) {chaos, rElec rF+, mace}
   (You found it on level 4 of the Dungeon)

   Each time it hits an enemy it has a different, random effect.
   rF:        It protects you from fire.
   rElec:     It insulates you from electricity.
Armour
 b - a +2 robe of fire resistance
   (You found it on level 4 of the Dungeon)
 c - a +0 buckler (worn)
 i - a +0 pair of gloves (worn)
   (You found it on level 2 of the Dungeon)
 o - a +0 robe of positive energy
   (You took it off an orc wizard on level 4 of the Dungeon)
 w - a +0 plate armour (worn)
   (You took it off a goblin on level 4 of the Dungeon)
 C - a +0 pair of gloves
   (You found it on level 7 of the Dungeon)
 E - the +2 robe of Noughts and Crosses {Drain rPois rC+ rN+}
   (You found it on level 7 of the Dungeon)

   rC:        It protects you from cold.
   rPois:     It protects you from poison.
   rN:        It protects you from negative energy.
   Drain:     It drains your maximum health when unequipped.
Jewellery
 h - a ring of see invisible (left hand)
   (You found it on level 2 of the Dungeon)
 p - an amulet of the acrobat (around neck)
   (You found it on level 3 of the Dungeon)
 r - an amulet of faith {!P}
   (You found it on level 8 of the Dungeon)
 z - a ring of magical power
   (You found it on level 5 of the Dungeon)
Wands
 B - a wand of paralysis (11)
   (You found it on level 6 of the Dungeon)
Scrolls
 g - 4 scrolls of teleportation {@r4}
 j - 3 scrolls of enchant weapon
 k - a scroll of holy word {unknown}
 m - 2 scrolls of blinking {!r}
 v - a scroll of fear {unknown}
 y - a scroll of identify {@r1}
 D - a scroll of silence {unknown}
Potions
 d - a potion of might
 e - 3 potions of curing {@q1}
 l - 4 potions of invisibility
 q - 2 potions of attraction {!q}
 t - a potion of flight {unknown}
 u - a potion of mutation {unknown}
 x - 3 potions of degeneration {!q@e2}
 A - 3 potions of lignification {unknown}
 F - 2 potions of berserk rage {unknown}

Dungeon Overview and Level Annotations

Branches:
Dungeon (8/15)             Temple (1/1) D:4
   Lair: D:8-11

Altars:
Ashenzari
Cheibriados
Dithmenos
Fedhas
Gozag
Nemelex Xobeh
Okawaru
Qazlal
Ru
Sif Muna
Trog
Uskayaw
Xom
Yredelemnul
Zin
The Shining One

Shops:
D:1 : D:3

?!: #.
#.######
#.PPP..#
#..PPP.#
#.._.P.#
#....P.#
#.PP†..#
#.z##z.#
##### #$...
##@#
#########....
...... #(#
#.........###
###### #.#
#............
#.#
#...........#
#.#
####........#
#.#
#........#
#.#
######)#.#
##########.#
#)#.#
#..........#
#.#.)


You could see a skeletal warrior (invisible).


Message History

Lightning courses through the orc warrior!
You kill the orc warrior!
Trog accepts your kill.
Your Axes skill increases to level 7!
Items here: ( ) [ †. 😕 HP[+1]
Okay, then.
Things that are here:
a +0 hand axe {axe}; a +0 leather armour; an orc corpse HP restored.
You see here 6 stones {throwing}.
You open the door.
There is a stone staircase leading down here.
There is an open door here.
There is an open door here.
There is a stone staircase leading up here.
y - a scroll of identify {@r1} 😎 HP[+10]
You now have 375 gold pieces (gained 8).
A howler monkey comes into view.
Found a blossoming altar of Fedhas.
The howler monkey moves out of view.
You see here 13 arrows.
A centaur zombie comes into view.
The howler monkey hits the plant.
The plant begins to die.
A howler monkey comes into view.
The howler monkey hits the fungus.
The fungus begins to die.
The howler monkey hoots and howls with incredible vigour!
You hear an angry hiss.
You thump the fungus!
The fungus begins to die.
A nearby plant withers and dies.
You bludgeon the centaur zombie!!
The centaur zombie convulses!!
You destroy the centaur zombie!
Trog accepts your kill.
A nearby plant withers and dies.
The howler monkey hoots and howls with incredible vigour!
The howler monkey hits the fungus.
The fungus begins to die.
The howler monkey hoots and howls with incredible vigour!
A skeletal warrior comes into view. It is wielding a +0 flail.
You sock the howler monkey! You burn the howler monkey.
You headbutt the howler monkey.
You kill the howler monkey!
Trog accepts your kill.
A nearby fungus withers and dies. x2
The howler monkey hits you but does no damage.
You hit the howler monkey. You burn the howler monkey.
Your headbutt misses the howler monkey.
A nearby fungus withers and dies.
The howler monkey hoots and howls with incredible vigour!
You hear an angry hiss.
You barely miss the howler monkey.
The howler monkey hits you but does no damage.
The howler monkey closely misses you.
You closely miss the howler monkey. The howler monkey barely misses you.
You furiously retaliate!
You headbutt the howler monkey! You sock the howler monkey!
You burn the howler monkey.
You kill the howler monkey!
Trog accepts your kill. 😎 HP[+1]
You now have 80 max hp (+1).
A skeletal warrior comes into view. It is wielding a +0 halberd.
You see here a howler monkey corpse.
The skeletal warrior misses you.
You hit the skeletal warrior but do no damage.
The skeletal warrior hits you with a +0 flail. 😕 HP[-2]
You take 2 damage, and now have 78/80 hp.
You hit the skeletal warrior. You burn the skeletal warrior.
The skeletal warrior hits you but does no damage.
You hit the skeletal warrior. You burn the skeletal warrior.
You headbutt the skeletal warrior, but do no damage.
You block the skeletal warrior's attack.
The skeletal warrior completely misses you.
You block the skeletal warrior's attack.
You closely miss the skeletal warrior. You headbutt the skeletal warrior.
The skeletal warrior hits you from afar with a +0 halberd.
The skeletal warrior hits you with a +0 flail. 😕 HP[-6]
You take 6 damage, and now have 72/80 hp.
You hit the skeletal warrior.
The skeletal warrior convulses.
You headbutt the skeletal warrior. The skeletal warrior barely misses you.
The skeletal warrior hits you with a +0 flail. 😕 HP[-3]
You take 3 damage, and now have 69/80 hp.
You hit the skeletal warrior.
The skeletal warrior flickers and vanishes for a moment.
A skeletal warrior comes into view. It is wielding a +3 halberd.
The skeletal warrior hits you from afar with a +0 halberd!!
The skeletal warrior hits you with a +0 flail!!
* * * LOW HITPOINT WARNING * * *
The skeletal warrior hits you from afar with a +0 halberd!
* * * LOW HITPOINT WARNING * * *
😱 HP[-56]
You take 56 damage, and now have 13/80 hp.
MASSIVE DAMAGE!! (PAUSE)
The skeletal warrior barely misses you. You furiously retaliate!
You headbutt the skeletal warrior.
The skeletal warrior hits the fungus with a +0 halberd!!
The fungus begins to die. 😱 HP[+1]
The skeletal warrior hits you with a +0 flail!!
You die...

Skill      XL: |  1  2  3  4  5  6  7  8  9 |
---------------+----------------------------+-----
Dodging        | 1 2 3 5 |  5.8
Armour         | 4 5 6 7 |  7.7
Axes           | 3 4 5 6 7 |  7.0
Shields        | 4 5 6 7 |  7.6
Fighting       | 4 5 6 7 |  7.6
Throwing       | 1 2 3 4 5 |  5.2

Action                   |  1- 3 |  4- 6 |  7- 9 || total
-------------------------+-------+-------+-------++-------
Melee: War axe           |    77 |    20 |       ||    97
       Headbutt          |    11 |    12 |    26 ||    49
       Dagger            |       |    36 |       ||    36
       Mace              |       |    20 |   177 ||   197
  Use: Potion            |       |     1 |       ||     1
       Scroll            |       |     2 |     5 ||     7
Armor: Scale mail        |    42 |    34 |       ||    76
       Plate armour      |       |     4 |    82 ||    86
Dodge: Dodged            |    35 |    54 |    79 ||   168
Block: Buckler           |    25 |    22 |    29 ||    76

Levels and vault maps discovered:
D:1:      wheals_arrival_shading, layout_rooms, serial_shops,
          nicolae_shop_statue_plus
D:2:      layout_basic, grunt_ministairs_2
D:3:      layout_basic, serial_shops, nicolae_shop_window_shopping, shop, shop
D:4:      layout_loops_ring, chequers_temple_overflow_statue_of_worship,
          general_overflow_altar, minmay_temple_entry_grid, grunt_ministairs_12,
          uniq_sigmund
D:5:      layout_basic, mainiacjoe_overflow_surrounded_room, uniq_duvessa,
          uniq_eustachio
D:6:      layout_gridville, minitemple
D:7:      layout_rooms, lemuel_tele_altar
D:8:      layout_basic, fedhas_altar_3, minmay_circle_x, uniq_psyche
Temple:   chequers_temple_sunken

Notes
Turn   | Place    | Note
-------+----------+-------------------------------------------
     0 | D:1      | Faeu the Minotaur Fighter began the quest for the Orb.
     0 | D:1      | Reached XP level 1. HP: 19/19 MP: 0/0
     0 | D:1      | magus.rc [v1.9.6]
   199 | D:1      | Reached XP level 2. HP: 27/27 MP: 1/1
   224 | D:1      | Found Mauwodyeg's Book Boutique.
   340 | D:1      | Reached skill level 1 in Dodging
   452 | D:1      | You add the spells Ozocubu's Armour and Ozocubu's
                  | Refrigeration to your library.
   604 | D:2      | Reached XP level 3. HP: 33/33 MP: 2/2
   673 | D:2      | Reached skill level 4 in Armour
   676 | D:2      | Reached skill level 3 in Axes
   724 | D:2      | Reached skill level 4 in Shields
   763 | D:2      | Reached skill level 4 in Fighting
   763 | D:2      | Reached skill level 1 in Throwing
  1035 | D:2      | Reached XP level 4. HP: 32/40 MP: 3/3
  1303 | D:3      | Identified the +4 dagger of a Billion Seers {venom, SInv}
  1316 | D:3      | Found Obruelo's Magic Scroll Shoppe.
  1506 | D:3      | Found Feim Uth's Distillery.
  1640 | D:3      | Found Cetsoi's Book Shoppe.
  1843 | D:3      | Reached XP level 5. HP: 47/47 MP: 4/4
  1916 | D:4      | Reached skill level 2 in Dodging
  2302 | D:4      | Identified the +10 mace of Voekhierepp {chaos, rElec rF+}
  2369 | D:4      | Found a staircase to the Ecumenical Temple.
  2378 | Temple   | Entered the Ecumenical Temple
  2395 | Temple   | Became a worshipper of Trog the Wrathful
  2450 | D:4      | Found a broken altar of Ashenzari.
  2564 | D:4      | Noticed Sigmund
  2575 | D:4      | Killed Sigmund
  2576 | D:4      | Reached skill level 4 in Axes
  2576 | D:4      | Reached skill level 2 in Throwing
  2576 | D:4      | Reached XP level 6. HP: 47/55 MP: 5/5
  2690 | D:4      | Found a basalt altar of Yredelemnul.
  2690 | D:4      | Found a glowing golden altar of the Shining One.
  2691 | D:4      | Found an opulent altar of Gozag.
  2756 | D:4      | Reached skill level 5 in Armour
  3006 | D:5      | Entered Level 5 of the Dungeon
  3010 | D:5      | Reached skill level 5 in Fighting
  3010 | D:5      | Reached skill level 5 in Shields
  3044 | D:5      | Reached skill level 3 in Dodging
  3044 | D:5      | Reached XP level 7. HP: 49/61 MP: 6/6
  3152 | D:5      | Found a sacrificial altar of Ru.
  3194 | D:5      | Noticed Eustachio
  3218 | D:5      | Killed Eustachio
  3219 | D:5      | Reached skill level 3 in Throwing
  3270 | D:5      | Noticed Dowan
  3270 | D:5      | Noticed Duvessa
  3280 | D:5      | Killed Duvessa
  3281 | D:5      | Reached skill level 5 in Axes
  3284 | D:5      | Killed Dowan
  3383 | D:5      | Reached skill level 6 in Armour
  3383 | D:5      | Reached XP level 8. HP: 70/70 MP: 7/7
  3394 | D:5      | Reached skill level 6 in Fighting
  3394 | D:5      | Reached skill level 4 in Dodging
  3479 | D:5      | Reached skill level 6 in Shields
  3704 | D:5      | Reached * piety under Trog
  3983 | D:6      | Reached skill level 4 in Throwing
  4043 | D:6      | Reached skill level 6 in Axes
  4241 | D:6      | You add the spells Ignite Poison, Mephitic Cloud and
                  | Freezing Cloud to your library.
  4275 | D:6      | Found a sparkling altar of Nemelex Xobeh.
  4285 | D:6      | Found a stormy altar of Qazlal.
  4286 | D:6      | Found a snail-covered altar of Cheibriados.
  4286 | D:6      | Found a hide-covered altar of Uskayaw.
  4287 | D:6      | Found an iron altar of Okawaru.
  4513 | D:6      | Reached skill level 5 in Dodging
  4551 | D:6      | Reached XP level 9. HP: 28/78 MP: 8/8
  4555 | D:6      | Reached skill level 7 in Armour
  4556 | D:6      | HP: 19/78 [poisoned by an orc]
  4941 | D:6      | Reached skill level 7 in Fighting
  5078 | D:6      | Reached skill level 7 in Shields
  5476 | D:7      | Identified the +2 robe of Noughts and Crosses {Drain rPois
                  | rC+ rN+}
  5495 | D:7      | Found a shadowy altar of Dithmenos.
  5856 | D:7      | Reached ** piety under Trog
  5879 | D:7      | Reached skill level 5 in Throwing
  6251 | D:8      | Reached skill level 7 in Axes
  6392 | D:8      | Found a blossoming altar of Fedhas.
  6398 | D:8      | Noticed a skeletal warrior
  6404 | D:8      | Noticed a skeletal warrior
  6411 | D:8      | Noticed a skeletal warrior
  6411 | D:8      | HP: 13/80 [skeletal warrior/+0 halberd[a skeletal warrior]
                  | (9)]
  6415 | D:8      | Slain by a skeletal warrior

Vanquished Creatures
  Sigmund (D:4)
  Eustachio (D:5)
  A steam dragon (D:7)
  Duvessa (D:5)
  2 orc warriors
  2 ice beasts
  3 sky beasts
  A necrophage (D:5)
  5 ogres
  A boggart (D:5)
  2 centaurs
  A bullfrog (D:7)
  A gnoll sergeant (D:7)
  2 scorpions (D:5)
  A wyvern zombie (D:5)
  Dowan (D:5)
  2 howler monkeys (D:8)
  A bullfrog zombie (D:6)
  2 centaur zombies
  2 hounds
  2 orc priests (D:6)
  A bullfrog skeleton (D:6)
  A jelly (D:5)
  9 orc wizards
  An iguana (D:5)
  A killer bee zombie (D:5)
  2 howler monkey zombies
  8 gnolls
  6 adders
  A shadow imp (D:5)
  An ufetubus (D:6)
  2 dart slugs (D:2)
  15 orcs
  3 ball pythons
  9 bats
  10 endoplasms
  2 giant cockroaches
  14 goblins
  7 hobgoblins
  5 jackals (D:2)
  6 kobolds
  3 quokkas
  4 frilled lizards
  6 rats
152 creatures vanquished.

Vanquished Creatures (collateral kills)
  An orc wizard (D:6)
1 creature vanquished.

Vanquished Creatures (others)
  3 fungi (D:8)
  2 plants (D:8)
5 creatures vanquished.

Grand Total: 158 creatures vanquished

Table legend:
 A = Non-vault XP
 B = Vault XP
 C = Vault XP percentage of total XP
 D = Non-vault monster count
 E = Vault monster count
 F = Vault count percentage of total count
                 A         B        C        D         E       F
            +---------+---------+-------+---------+---------+-------
      Total |    3890 |     652 |  14.4 |     146 |       7 |   4.6
            +---------+---------+-------+---------+---------+-------
        D:1 |      39 |       0 |   0.0 |      24 |       0 |   0.0
        D:2 |      61 |       2 |   3.2 |      25 |       1 |   3.8
        D:3 |      60 |       0 |   0.0 |      20 |       0 |   0.0
        D:4 |     177 |     242 |  57.8 |      14 |       3 |  17.6
        D:5 |    1226 |     408 |  25.0 |      14 |       3 |  17.6
        D:6 |    1009 |       0 |   0.0 |      19 |       0 |   0.0
        D:7 |     973 |       0 |   0.0 |      21 |       0 |   0.0
        D:8 |     345 |       0 |   0.0 |       9 |       0 |   0.0
            +---------+---------+-------+---------+---------+-------

Illustrated notes

Table legend:
 A = Kills in this place as a percentage of kills in entire the game.
 B = Kills by you in this place as a percentage of kills by you in the entire game.
 C = Kills by friends in this place as a percentage of kills by friends in the entire game.
 D = Other kills in this place as a percentage of other kills in the entire game.
 E = Experience gained in this place as a percentage of experience gained in the entire game.
 F = Experience gained in this place divided by the number of levels of this place that you have seen.
                   A       B       C       D       E      F
               +-------+-------+-------+-------+-------+----------------------
         Total | 100.0 | 100.0 | 100.0 |   N/A | 100.0 | 504.7
       Dungeon | 100.0 | 100.0 | 100.0 |   N/A | 100.0 | 567.8
               +-------+-------+-------+-------+-------+----------------------

Table legend: (Time is in decaauts)
 A = Elapsed time spent in this place.
 B = Non-inter-level travel time spent in this place.
 C = Inter-level travel time spent in this place.
 D = Time resting spent in this place.
 E = Time spent auto-exploring this place.
 F = Levels seen in this place.
 G = Mean time per level.
                   A        B        C        D        E       F      G
               +--------+--------+--------+--------+--------+-----+--------+
         Total |   6508 |   6327 |    181 |   1032 |   3198 |   9 |  723.1 |
       Dungeon |   6478 |   6297 |    181 |   1032 |   3198 |   8 |  809.8 |
        Temple |     30 |     30 |      0 |      0 |      0 |   1 |   30.0 |
               +--------+--------+--------+--------+--------+-----+--------+

Top non-repeatable levels by time:
     D:6: 1546 daAuts
     D:4: 1121 daAuts
     D:5: 919 daAuts
     D:7: 716 daAuts
     D:3: 690 daAuts
     D:2: 623 daAuts
     D:1: 588 daAuts
     D:8: 273 daAuts
  Temple: 30 daAuts
